Cogmind - Beta 13 @@@ ROGUE MODE // 2024.03.20 @ 10:47:56 Player: Rohain Result: Destroyed by L-31 Rogue with Katana Performance ------------- Evolutions (1) 500 Regions Visited (6) 1200 Robots Destroyed (61) 305 Value Destroyed (1534) 1534 Prototype IDs (2) 40 Alien Tech Used (0) 0 Bonus (-4) -4 TOTAL SCORE: 3575 Bonus ------- High Alert Combat Kills 73 Follower Combat Kills 35 Friendly Fire -112 Cogmind --------- Core Integrity 0/400 Matter 124/300 Energy 265/265 System Corruption 0% Temperature Cool (0) Movement Walking (120) Location -8/Mines Parts ------- > --- POWER (1) -------- Improved Ion Engine > --- PROPULSION (4) --- Aluminum Leg Aluminum Leg Aluminum Leg Improved Aluminum Leg > --- UTILITY (2) ------ Large Storage Unit Signal Interpreter > --- WEAPON (2) ------- Heavy Assault Rifle Rocket Launcher > --- INVENTORY (15) --- Aluminum Leg Aluminum Leg Improved Aluminum Leg Improved Heat Sink Large Storage Unit Signal Interpreter Signal Interpreter Hardened Medium Armor Plating Peak State ------------ > --- POWER ------------ Improved Ion Engine > --- PROPULSION ------- Improved Aluminum Leg Carbon-fiber Leg Carbon-fiber Leg Aerolev Unit > --- UTILITY ---------- Medium Storage Unit Visual Processing Unit > --- WEAPON ----------- Heavy Assault Rifle Heavy Assault Rifle > --- INVENTORY -------- Ion Engine Light Ion Engine Aluminum Leg Aluminum Leg Aluminum Leg Improved Heat Sink Hardened Medium Armor Plating Heavy Assault Rifle Rocket Launcher [Rating: 22] Favorites ----------- Power Improved Ion Engine Engine Improved Ion Engine Propulsion Aluminum Leg Leg Aluminum Leg Hover Unit Aerolev Unit Utility Large Storage Unit Storage Large Storage Unit Processor Visual Processing Unit Weapon Heavy Assault Rifle Energy Gun Small Laser Ballistic Gun Heavy Assault Rifle Launcher Rocket Launcher Build | -11 -10 -10 -9 -9 -9 -8 ------- Run | Yrd Mat Min Mat Min Exi Min Slots Evolved 2 | . . . 2 . . . Power . | . . . . . . . Propulsion 2 | . . . 2 . . . Utility . | . . . . . . . Weapon . | . . . . . . . Parts Attached 53 | 6 9 5 28 5 . . Power 8 | 1 3 . 3 1 . . Engine 8 | 1 3 . 3 1 . . Core . | . . . . . . . Reactor . | . . . . . . . Propulsion 28 | 2 2 5 17 2 . . Treads . | . . . . . . . Leg 27 | 2 2 5 16 2 . . Wheel . | . . . . . . . Hover 1 | . . . 1 . . . Flight . | . . . . . . . Utility 5 | 1 2 . 2 . . . Device . | . . . . . . . Storage 3 | 1 1 . 1 . . . Processor 2 | . 1 . 1 . . . Hackware . | . . . . . . . Protection . | . . . . . . . Artifact . | . . . . . . . Weapon 12 | 2 2 . 6 2 . . Energy Gun 2 | 2 . . . . . . Energy Cannon . | . . . . . . . Ballistic Gun 9 | . 2 . 6 1 . . Ballistic Cannon . | . . . . . . . Launcher 1 | . . . . 1 . . Special Weapon . | . . . . . . . Impact Weapon . | . . . . . . . Slashing Weapon . | . . . . . . . Piercing Weapon . | . . . . . . . Special Melee Weapon . | . . . . . . . Unidentified Prototypes 2 | . . . 2 . . . Parts Lost 13 | . . . 9 4 . . Power 2 | . . . 1 1 . . Propulsion 6 | . . . 5 1 . . Utility . | . . . . . . . Weapon 5 | . . . 3 2 . . Highest Loss Streak 4 | . . . 3 4 . . To Critical Strikes . | . . . . . . . Average Slot Usage (%) 97 | . 92 100 98 93 100 100 Engine 12 | . 14 14 10 9 11 11 Leg 36 | . 28 28 43 39 44 44 Storage 12 | . 14 14 11 11 11 11 Processor 10 | . 6 14 11 11 11 11 Energy Gun 4 | . 18 . . . . . Ballistic Gun 17 | . 8 28 21 13 11 11 Launcher 2 | . . . . 7 11 11 Naked Turns . | . . . . . . . Heaviest Build 34 | 12 22 19 33 34 34 34 Greatest Support 56 | 20 20 30 56 43 43 43 Greatest Overweight (x) 7 | . 1 . 7 . . . Average Overweight (x) . | . . . . . . . Largest Inventory Capacity 15 | 8 10 10 15 15 15 15 Average Capacity 12 | 6 9 10 13 15 15 15 Most Carried 15 | 5 10 10 15 12 8 8 Average Carried 9 | 2 7 9 11 9 8 8 Final Capacity 15 | 8 10 10 15 15 15 15 Final Carried 12 | 2 10 10 12 8 8 8 Class Distribution -------------------- 61% | Mutant 38% | Scavenger-Mutant Dominant Class ---------------- Mutant | -10/Materials Scavenger-Mutant | -10/Mines Mutant | -9/Materials Mutant | -9/Mines Mutant | -9/Exiles Mutant | -8/Mines Resources | -11 -10 -10 -9 -9 -9 -8 ----------- Run | Yrd Mat Min Mat Min Exi Min Matter Collected 1274 | 189 127 228 676 14 . 40 Remotely . | . . . . . . . Salvage Created 2010 | . 295 315 1239 43 . 118 Parts 135 | . 21 15 89 7 . 3 Haulers Intercepted 2 | . 1 . 1 . . . Recyclers Shooed 1 | . . 1 . . . . Parts Field Recycled . | . . . . . . . Retrieved Matter . | . . . . . . . Parts Self-Destructed . | . . . . . . . Prevented . | . . . . . . . Kills | -11 -10 -10 -9 -9 -9 -8 ------- Run | Yrd Mat Min Mat Min Exi Min Combat Hostiles Destroyed 49 | . 6 5 31 4 . 3 Guns 45 | . 6 5 31 2 . 1 AOE 4 | . . . . 2 . 2 Classes Destroyed 8 | . 5 1 2 . . . Worker 3 | . 2 . 1 . . . Hauler 2 | . 1 . 1 . . . Recycler 1 | . . 1 . . . . Watcher 5 | . 1 . 4 . . . Swarmer 17 | . 3 . 10 4 . . Grunt 25 | . 3 6 13 . . 3 Brawler 1 | . . . 1 . . . Sentry 7 | . . . 7 . . . Best Kill Streak 6 | . 5 4 6 2 . 3 Combat Bots Only 6 | . 2 3 6 2 . 3 Max Kills in Single Turn 2 | . 1 2 2 2 . 2 Gunslinging 1 | . . . 1 . . . Exploded 2 | . . . . 2 . 2 Melee . | . . . . . . . Uniques/NPCs Destroyed . | . . . . . . . Combat | -11 -10 -10 -9 -9 -9 -8 -------- Run | Yrd Mat Min Mat Min Exi Min Hostile Shots Fired 345 | . 48 23 224 40 . 10 Missed 83 | . 14 6 53 8 . 2 Damage Taken 3127 | . 402 319 1980 290 . 136 Core 588 | . 103 61 317 46 . 61 Absorbed by Shields . | . . . . . . . Core Remaining (%) 67 | 100 . 34 . . . . Volleys Fired 172 | . 40 21 85 11 . 15 Largest 2 | . 2 2 2 2 . 1 Hottest 80 | . 80 46 46 46 . 33 Shots Fired 326 | . 80 42 169 20 . 15 Gun 323 | . 80 42 169 19 . 13 Cannon . | . . . . . . . Launcher 3 | . . . . 1 . 2 Special . | . . . . . . . Kinetic 249 | . 6 42 169 19 . 13 Thermal 74 | . 74 . . . . . Explosive 3 | . . . . 1 . 2 Electromagnetic . | . . . . . . . Robot Hit Streak 17 | . 8 8 17 4 . 4 Robot Miss Streak 5 | . 4 5 5 5 . 2 Penetration Max . | . . . . . . . Secondary Targets 7 | . 2 . 4 1 . . Max Gunslinging Chain 1 | . 1 . 1 1 . . Shots Hit Robots 217 | . 48 26 123 9 . 11 Core Hits 95 | . 16 13 54 4 . 8 Critical Kills 1 | . . . 1 . . . Critical Parts Destroyed 1 | . . . 1 . . . Critical Strikes 2 | . . . 2 . . . Destroy 2 | . . . 2 . . . Melee Attacks . | . . . . . . . Impact . | . . . . . . . Slashing . | . . . . . . . Piercing . | . . . . . . . Sneak Attacks . | . . . . . . . Combat Hostiles . | . . . . . . . Follow-up Attacks . | . . . . . . . Damage Inflicted 3449 | . 560 395 1923 250 . 321 Guns 3166 | . 560 395 1923 137 . 151 Cannons . | . . . . . . . Explosions 283 | . . . . 113 . 170 Melee . | . . . . . . . Ramming . | . . . . . . . Kinetic 2656 | . 50 395 1923 137 . 151 Thermal 510 | . 510 . . . . . Explosive 283 | . . . . 113 . 170 Electromagnetic . | . . . . . . . Impact . | . . . . . . . Slashing . | . . . . . . . Piercing . | . . . . . . . Highest Corruption . | . . . . . . . Average Corruption . | . . . . . . . Corruption Purged . | . . . . . . . Corruption Blocked . | . . . . . . . Overload Shots . | . . . . . . . Overflow Damage 12 | . . . . 12 . . Projectiles . | . . . . . . . Explosions 12 | . . . . 12 . . Melee . | . . . . . . . Knockbacks . | . . . . . . . Impact . | . . . . . . . Kinetic . | . . . . . . . Secondary . | . . . . . . . Self-Inflicted Damage 29 | . . . . 29 . . Shots 1 | . . . . 1 . . Rammed . | . . . . . . . Targets Rammed . | . . . . . . . Kicked . | . . . . . . . Crushed . | . . . . . . . Highest Temperature 290 | . 290 4 20 . . 16 Average Temperature 59 | . 83 2 6 . . 6 Received Heat Transfer 1080 | . 225 132 642 . . 81 Effects 1 | . 1 . . . . . Energy Bleed 1 | . 1 . . . . . Siege Activations . | . . . . . . . Robots Corrupted . | . . . . . . . Combat Hostiles . | . . . . . . . Parts Fried . | . . . . . . . Impact Corruptions . | . . . . . . . Robots Melted . | . . . . . . . Combat Hostiles . | . . . . . . . Parts Melted 5 | . 3 2 . . . . Heat Transferred 1175 | . 1175 . . . . . Parts Sabotaged . | . . . . . . . Parts Stolen . | . . . . . . . Parts Stripped . | . . . . . . . Power Chain Reactions . | . . . . . . . Alert | -11 -10 -10 -9 -9 -9 -8 ------- Run | Yrd Mat Min Mat Min Exi Min Peak Influence 542 | . 179 160 542 267 . 103 Initial 211 | . . 40 20 211 . . Average 171 | . 68 127 260 259 . 90 Maximum Alert Level 2 | . . . 2 1 . . Low Security (%) 69 | 100 100 100 41 . . 100 Level 1 21 | . . . 39 100 . . Level 2 8 | . . . 19 . . . Level 3 . | . . . . . . . Level 4 . | . . . . . . . Level 5 . | . . . . . . . High Security . | . . . . . . . Max Security . | . . . . . . . Squads Dispatched 5 | . 1 . 4 . . . Investigation 2 | . . . 2 . . . Extermination . | . . . . . . . Reinforcement 3 | . 1 . 2 . . . Assault . | . . . . . . . Garrison . | . . . . . . . Intercept . | . . . . . . . Searches Triggered . | . . . . . . . Construction Impeded . | . . . . . . . Haulers Reinforced . | . . . . . . . Active Scanning Responses . | . . . . . . . Cargo Convoy Interrupts . | . . . . . . . Stealth | -11 -10 -10 -9 -9 -9 -8 --------- Run | Yrd Mat Min Mat Min Exi Min Distress Signals 5 | . 3 . 2 . . . Communications Jammed . | . . . . . . . Distress Signals . | . . . . . . . Times Spotted 74 | . 15 7 42 4 . 6 Peak Tracking Total 7 | . 4 3 7 4 . 3 Tactical Retreats 2 | . 1 1 . . . . Traps | -11 -10 -10 -9 -9 -9 -8 ------- Run | Yrd Mat Min Mat Min Exi Min Traps Triggered 3 | . . 1 2 . . . Indirectly . | . . . . . . . Trap Hack Attempts . | . . . . . . . Triggered . | . . . . . . . Disarmed . | . . . . . . . Reprogrammed . | . . . . . . . Reused . | . . . . . . . Traps Extracted . | . . . . . . . Installed . | . . . . . . . Triggered . | . . . . . . . Machines | -11 -10 -10 -9 -9 -9 -8 ---------- Run | Yrd Mat Min Mat Min Exi Min Machines Disabled 1 | . . . 1 . . . Max in Single Turn 1 | . . . 1 . . . Machines Repaired . | . . . . . . . Machines Dismantled . | . . . . . . . Machines Sabotaged . | . . . . . . . Overloaded Fab Kills . | . . . . . . . Hacking | -11 -10 -10 -9 -9 -9 -8 --------- Run | Yrd Mat Min Mat Min Exi Min Machines Accessed 9 | . 4 1 3 . 1 . Terminals 7 | . 4 . 3 . . . Fabricators . | . . . . . . . Repair Stations . | . . . . . . . Recycling Units . | . . . . . . . Scanalyzers . | . . . . . . . Garrison Access . | . . . . . . . Total Hacks 41 | . 10 1 7 . 23 . Successful 32 | . 5 1 3 . 23 . Failed 9 | . 5 . 4 . . . Catastrophic . | . . . . . . . Database Lockouts . | . . . . . . . Manual 16 | . 9 . 7 . . . Terminals 17 | . 10 . 7 . . . Fabricators . | . . . . . . . Repair Stations . | . . . . . . . Recycling Units . | . . . . . . . Scanalyzers . | . . . . . . . Garrison Access . | . . . . . . . Terminal Hacks 27 | . 2 1 1 . 23 . Record 24 | . 1 . . . 23 . Open Door 1 | . . 1 . . . . Branch Access Points 2 | . 1 . 1 . . . Fabricator Hacks . | . . . . . . . Repair Station Hacks . | . . . . . . . Recycling Unit Hacks . | . . . . . . . Scanalyzer . | . . . . . . . Garrison Access Hacks . | . . . . . . . Unauthorized Hacks 5 | . 3 . 2 . . . Terminals 5 | . 3 . 2 . . . Botnet 5 | . 3 . 2 . . . Fabricators . | . . . . . . . Repair Stations . | . . . . . . . Recycling Units . | . . . . . . . Scanalyzers . | . . . . . . . Garrison Access . | . . . . . . . Data Cores Recovered . | . . . . . . . Used . | . . . . . . . Hacking Detections 7 | . 4 . 3 . . . Full Trace Events . | . . . . . . . Feedback Events . | . . . . . . . Feedback Blocked . | . . . . . . . Robot Schematics Acquired . | . . . . . . . Robots Built . | . . . . . . . Authchips . | . . . . . . . Time . | . . . . . . . Total Robot Build Rating . | . . . . . . . Part Schematics Acquired . | . . . . . . . Parts Built . | . . . . . . . Authchips . | . . . . . . . Time . | . . . . . . . Total Part Build Rating . | . . . . . . . Parts Repaired . | . . . . . . . Time . | . . . . . . . Parts Recycled . | . . . . . . . Recycled Matter . | . . . . . . . Retrieved Matter . | . . . . . . . Retrieved Components . | . . . . . . . Parts Scanalyzed . | . . . . . . . Part Schematics Acquired . | . . . . . . . Parts Damaged . | . . . . . . . Bothacking | -11 -10 -10 -9 -9 -9 -8 ------------ Run | Yrd Mat Min Mat Min Exi Min Used RIF Installer . | . . . . . . . Robots Hacked . | . . . . . . . Non-combat . | . . . . . . . Combat . | . . . . . . . Robot Hacks Applied . | . . . . . . . Relay Couplers Released . | . . . . . . . Fabnet Peak Effective % . | . . . . . . . Robots Rewired . | . . . . . . . Allies Hacked . | . . . . . . . Hacks Repelled . | . . . . . . . Allies | -11 -10 -10 -9 -9 -9 -8 -------- Run | Yrd Mat Min Mat Min Exi Min Total Allies 3 | . . 3 . . . . Largest Group 3 | . . 3 . . . . Highest-Rated Group 40 | . . 40 . . . . Highest-Rated Ally 16 | . . 16 . . . . Total Orders . | . . . . . . . Ally Attacks 7 | . . 7 . . . . Total Damage 89 | . . 89 . . . . Kills 1 | . . 1 . . . . Allies Corrupted . | . . . . . . . Allies Melted . | . . . . . . . Intel | -11 -10 -10 -9 -9 -9 -8 ------- Run | Yrd Mat Min Mat Min Exi Min Robot Analysis Total . | . . . . . . . Derelict Logs Recovered . | . . . . . . . Drone Launches . | . . . . . . . Drone Recoveries . | . . . . . . . Exploration | -11 -10 -10 -9 -9 -9 -8 ------------- Run | Yrd Mat Min Mat Min Exi Min Turns Passed 2756 | 55 658 466 1038 99 406 34 Spaces Moved 1679 | 38 380 303 562 53 339 4 Core 5 | 4 . . 1 . . . Treads . | . . . . . . . Legs 1674 | 34 380 303 561 53 339 4 Wheels . | . . . . . . . Hover . | . . . . . . . Flight . | . . . . . . . Fastest Speed 50 | 50 120 120 120 120 120 120 Average Speed 120 | 112 120 120 121 120 120 120 Slowest Speed 400 | 120 190 120 400 120 120 120 Overloaded Moves . | . . . . . . . Propulsion Burnouts . | . . . . . . . Robots Hopped . | . . . . . . . Cave-ins Triggered . | . . . . . . . Exploration Rate (%) 42 | 3 63 78 64 5 78 7 Regions Visited 6 Branch Regions 4 Pre-discovered Areas 1 | . . . . . 1 . Known Exits Taken 4 | . 1 . 1 1 1 . Unknown Exits Taken 2 | 1 . 1 . . . . Scrap Searched 3 | . . 3 . . . . Spaces Dug 8 | . . . . 8 . . Terrain Destroyed 28 | . . . . 8 . 20 Melee . | . . . . . . . Projectile . | . . . . . . . AOE 28 | . . . . 8 . 20 Terrain Rammed . | . . . . . . . Walls Destroyed . | . . . . . . . Machines Disabled . | . . . . . . . Actions | -11 -10 -10 -9 -9 -9 -8 --------- Run | Yrd Mat Min Mat Min Exi Min Total 2088 | 48 499 368 748 68 338 19 Wait 134 | . 57 27 50 . . . Move 1673 | 37 379 302 561 52 338 4 Hop . | . . . . . . . Pick Up 30 | 5 9 4 12 . . . Fast Attach 9 | 3 3 . 3 . . . Attach 19 | 3 1 . 11 4 . . Detach . | . . . . . . . Swap 25 | . 5 5 14 1 . . Drop 26 | . 5 9 12 . . . Fire 172 | . 40 21 85 11 . 15 Melee . | . . . . . . . Ram . | . . . . . . . Kick . | . . . . . . . Crush . | . . . . . . . Escape Stasis . | . . . . . . . Rewire . | . . . . . . . Trap . | . . . . . . . Miscellaneous . | . . . . . . . Route ------- -11/Scrapyard -10/Materials (discovered 2 exits: *Mat / *Min) -10/Mines (discovered 2 exits: *Mat x2) -9/Materials (discovered 3 exits: *Mat x2 / *Min) -9/Mines -9/Exiles (discovered 2 exits: *Min x2) -8/Mines History --------- Turn | Location | Event 25 | -11/Scrapyard | Discovered new exit (range 16) 56 | -11/Scrapyard | Entered Materials 58 | -10/Materials | Identified exit to Mines 145 | -10/Materials | Discovered new exit (range 16) 313 | -10/Materials | Build established: Mutant 714 | -10/Materials | Entered Mines 719 | -10/Mines | Discovered new exit (range 4) 769 | -10/Mines | Met a Derelict bent on vengeance 818 | -10/Mines | Build established: Scavenger-Mutant 947 | -10/Mines | Assisted by bots powering up and referring to "LRC-V3" 965 | -10/Mines | A weapon hastily lodged in a ceiling crevice suddenly fell to the ground 1069 | -10/Mines | Met a Derelict who couldn't figure out how to use a Trap Extractor 1082 | -10/Mines | Core integrity fell below 50% 1160 | -10/Mines | Discovered new exit (range 6) 1180 | -10/Mines | Entered Materials 1180 | -9/Materials | Evolved 2 slots: Propulsion x2 1183 | -9/Materials | Lost 3 allies 1398 | -9/Materials | Discovered new exit (range 8) 1586 | -9/Materials | Discovered new exit (range 9) 1594 | -9/Materials | Build established: Mutant 1598 | -9/Materials | Identified exit to Materials 1985 | -9/Materials | Discovered exit to Materials (range 15) 2089 | -9/Materials | Identified exit to Mines 2146 | -9/Materials | Core integrity fell below 50% 2201 | -9/Materials | Lost 3 parts (1p1n1w) 2218 | -9/Materials | Entered Mines 2232 | -9/Mines | Core integrity fell below 20% 2272 | -9/Mines | Deemed a non-threat by the Exiles lab entrance 2273 | -9/Mines | Discovered new exit (range 5) 2277 | -9/Mines | Identified exit to Exiles 2279 | -9/Mines | Lost 4 parts (1p1n2w) 2317 | -9/Mines | Entered Exiles 2333 | -9/Exiles | Discovered new exit (range 15) 2347 | -9/Exiles | Met 8R-AWN 2365 | -9/Exiles | Met EX-HEX 2446 | -9/Exiles | Met EX-DEC 2474 | -9/Exiles | Visited The Gauntlet 2645 | -9/Exiles | Learned location of Zion (-7) 2709 | -9/Exiles | Discovered new exit (range 14) 2722 | -9/Exiles | Identified exit to Mines 2723 | -9/Exiles | Entered Mines 2757 | -8/Mines | Destroyed by L-31 Rogue with Katana Last Messages --------------- but impartial. >>Record "MSG004795-01" Could someone repair the Mines activity scanner? It seems to fail sometimes, and when it does we can't send 8R-AWN out on exploratory runs. >>Record "MSG004795-02" I just repaired it not long ago, I think someone on the outside is tampering with our system. --AM-PHS >>Record "MSG004964-01" Who left my Assembled plushie in the Analyzer again?! I'm not erasing this message until I get an answer. --BIN 02709_ EXIT=FOUND 02722_ EXIT=IDENTIFIED: MINES LOCATION=MINES GOAL=ESCAPE 02725_ G-50 Soldier destroyed. 02725_ G-47 Trooper destroyed. 02729_ Critical hit (Burn: +37). 02737_ G-47 Trooper destroyed. 02743_ Acquired 40 matter. Map ----- +----------------------------------------------------+ | | | | | | | | | | | | | | | | | | | | | ??????????????????????????????????? | | ??????????????????????????????????? | | ??????????????????????????????????? | | ?????????????????????????????###??? | | ????????????????????????????# ##?? | | ???????????????????????????? #?? | | ??????????????????????????## ??? | | ?????????????????????????## ???? | | ?????????????????????????# #???? | | ?????????????????????????# #???? | | ????????????????????????## #???? | | ???????????????????????## #???? | | ?????????????????????### #???? | | ??????????????????# ## #???? | | ??????????????????# #???? | | ??????????????????## @ #???? | | ???????????????????### l ##???? | | ?????????????????????## !% #????? | | ??????????????????????# % #???? | | ??????????????????????## = #???? | | ??????????????????????? g #???? | | ??????????????????????? g #???? | | ??????????????????????## #???? | | ???????????????????????# # ##???? | | ???????????????????????# ###????? | | ???????????????????????## #??????? | | ????????????????????????? ??????? | | ????????????????????????? ??????? | | ????????????????????????? ??????? | | ?????????????????????????## ??????? | | ???????????????????????????#??????? | | ??????????????????????????????????? | | ??????????????????????????????????? | | ??????????????????????????????????? | | ??????????????????????????????????? | | ??????????????????????????????????? | | ??????????????????????????????????? | | ??????????????????????????????????? | | ??????????????????????????????????? | | ??????????????????????????????????? | +----------------------------------------------------+ Best States ------------- Heat Dissipation 28 Energy Generation 12 Energy Capacity 265 Matter Stores 300 Matter Capacity 300 Sight Range 18 Terrain Scan Density 10 Evasion (%) 55 Item Schematics ----------------- None Robot Schematics ------------------ None Fabricated ------------ Nothing Alien Tech Used ----------------- None Achievements -------------- None Challenges ------------ None Game ------ Seed ServoHybridKinecellerator Manual? 0 Play Time 00:16:45 Cumulative 61.1 hours Start 2024.03.20 @ 10:31:15 End 2024.03.20 @ 10:47:56 Sessions 1 Manual Loads 0 Difficulty Rogue Special Mode None Game No. 105 Rogue 89 Adventurer 16 Explorer 0 Win Type - Total 1 Types 1/0/0/0/0/0/0/0/0 Lore% 34 Gallery% 54 Achievement% 47 Wizard Run 0 Options --------- Layout 1 ASCII 0 Keyboard 0 Movement Vi Keybinds 0 Fullscreen 1 Font 20/SmallcapsGlow Map View 64x48 Zoom Use 0% Tactical HUD 1 Map Filters NONE Filters NONE Steam 1 RUN: f796a871-034e-418a-9f4f-7265abdb3e89